 Dungeon Crawl Stone Soup version 0.20-a0-268-gb6bde61 (webtiles) character file.

25 Demogavin the Grasshopper (level 3, 0/30 HPs)
             Began as a Ghoul Warper on Dec 6, 2016.
             Slain by an ogre
             ... wielding a +0 giant spiked club
              (30 damage)
             ... on level 4 of the Dungeon.
             The game lasted 00:03:05 (707 turns).

Demogavin the Grasshopper (Ghoul Warper)             Turns: 707, Time: 00:03:06

Health: 0/30       AC:  8    Str: 15    XL:     3   Next: 6%
Magic:  4/4        EV:  6    Int:  8    God:
Gold:   44         SH:  0    Dex:  8    Spells: 1/5 levels left

rFire  . . .     SeeInvis .       - Unarmed
rCold  + . .     Gourm    .     e - +0 chain mail
rNeg   + + +     Faith    .     (no shield)
rPois  ∞         Spirit   .     (no helmet)
rElec  .         Reflect  .     (no cloak)
rCorr  .         Harm     .     (no gloves)
MR     .....                    (no boots)
Stlth  ..........               (no amulet)
                                (no ring)
                                (no ring)

@: rotting
A: rotting body, claws 1, carnivore 3, cold resistance 1, negative energy
resistance 3, slow regeneration 1, torment resistance, unbreathing
a: no special abilities


You were on level 4 of the Dungeon.
You were not hungry.

You visited 1 branch of the dungeon, and saw 4 of its levels.

You collected 44 gold pieces.

Inventory:

Missiles
 d - 5 tomahawks of dispersal (quivered)
Armour
 a - a +0 leather armour
 e - a +0 chain mail (worn)
 f - a +0 chain mail
Scrolls
 c - 2 scrolls of blinking
Potions
 g - a potion of brilliance {unknown}
 h - a potion of lignification {unknown}
Books
 b - a book of Spatial Translocations

   Spells                             Type                      Level
   a - Blink                          Translocation                2
   b - Shroud of Golubria             Charms/Translocation         2
   c - Lesser Beckoning               Translocation                3
   d - Portal Projectile              Translocation                3
   e - Teleport Other                 Translocation                3
   f - Passage of Golubria            Translocation                4
Comestibles
 i - a meat ration


   Skills:
 + Level 2.5 Fighting
 + Level 0.8 Throwing
 + Level 1.1 Armour
 + Level 2.0 Dodging
 + Level 2.6 Unarmed Combat
 + Level 1.9 Spellcasting
 + Level 3.0 Translocations


You had one spell level left.
You knew the following spells:

 Your Spells              Type           Power        Failure   Level  Hunger
a - Shroud of Golubria    Chrm/Tloc      #.........   100%        2    ###....
b - Blink                 Tloc           N/A          100%        2    ###....


Dungeon Overview and Level Annotations

Branches:
Dungeon (4/15)
 Temple: D:4-7

Altars:


Innate Abilities, Weirdness & Mutations

Your body is rotting away.
You thrive on raw meat.
You are immune to poison.
You have sharp fingernails.
You are carnivorous and can eat meat at any time.
Your flesh is cold resistant. (rC+)
You are immune to negative energy. (rN+++)
You regenerate slowly when monsters are visible.
You are immune to unholy pain and torment.
You can survive without breathing.


Message History

You now have 44 gold pieces (gained 9).
There is a stone staircase leading down here.
You climb downwards.
There is a stone staircase leading up here.
A giant cockroach comes into view.
You barely miss the giant cockroach.
The giant cockroach bites you but does no damage.
You barely miss the giant cockroach.
The giant cockroach bites you but does no damage.
You completely miss the giant cockroach.
The giant cockroach bites you but does no damage. x2
You scratch the giant cockroach.
You kill the giant cockroach!
You see here a giant cockroach corpse.
An ogre comes into view. It is wielding a giant spiked club.
The ogre shouts!
The ogre moves out of view.
The ogre hits you with a giant spiked club!!
Ouch! That really hurt!
You die...

#.# #.# #.#
####.###### ##
...... ..###.#
#..# #.#<#
####..#######.##
#..@.......†..#
#...O.........#
#.......#######..#
..........# #..#
###........ ...#
###...#### ....
#...# ..... .....
.......


You could see an ogre.

Vanquished Creatures
  An ooze (D:1)
  A leopard gecko (D:2)
  2 giant cockroaches
  5 goblins
  2 hobgoblins
  A jackal (D:1)
  3 kobolds
  A ball python (D:1)
  2 frilled lizards
18 creatures vanquished.

Notes
Turn   | Place    | Note
-------+----------+-------------------------------------------
     0 | D:1      | Demogavin the Ghoul Warper began the quest for the Orb.
     0 | D:1      | Reached XP level 1. HP: 17/17 MP: 2/2
   202 | D:1      | Reached skill level 1 in Armour
   202 | D:1      | Reached XP level 2. HP: 19/25 MP: 3/3
   212 | D:1      | Learned a level 2 spell: Shroud of Golubria
   218 | D:1      | Learned a level 2 spell: Blink
   494 | D:3      | Reached skill level 3 in Translocations
   658 | D:3      | Reached XP level 3. HP: 28/30 MP: 4/4
   702 | D:4      | Noticed an ogre
   707 | D:4      | Slain by an ogre

Vault maps used:
D:1:      mainiacjoe_arrival_reflecting_pool
D:3:      serial_bayou, serial_bayou_shore_b, serial_bayou_pond_a,
          serial_bayou_lagoon_a, serial_bayou_lagoon_b

Skill      XL: |  1  2 |
---------------+-------+-----
Armour         | 1 |  1.1
Translocations | 3 |  3.0
Dodging        | 2 |  2.0
Fighting       | |  2.5
Throwing       | |  0.8
Unarmed Combat | |  2.6
Spellcasting   | |  1.9

Action                   || total
-------------------------++-------
Melee: Unarmed           ||    88
  Eat: Meat ration       ||     1
       Beef jerky        ||     1
Armor: Leather armour    ||     4
       Chain mail        ||    57
Dodge: Dodged            ||    35
